 Dungeon Crawl Stone Soup version 0.22.0-40-g68aacdc (console) character file.

85 bli the Chiller (level 4, -1/36 HPs)
             Began as a Draconian Wanderer on Sept 1, 2018.
             Slain by a wight
             ... wielding a +4 spear of freezing
              (10 damage)
             ... on level 2 of the Dungeon.
             The game lasted 00:14:13 (1599 turns).

bli the Chiller (Draconian Wanderer)                Turns: 1599, Time: 00:14:14

Health: -1/36      AC:  5    Str: 14    XL:     4   Next: 25%
Magic:  0/7        EV: 11    Int: 13    God:
Gold:   12         SH:  0    Dex: 11    Spells: 6/8 levels left

rFire    . . .     SeeInvis .   d - +0 club
rCold    . . .     Gourm    .   (no shield)
rNeg     . . .     Faith    .   (armour unavailable)
rPois    .         Spirit   .   (helmet restricted)
rElec    .         Reflect  .   (no cloak)
rCorr    .         Harm     .   (no gloves)
MR       .....                  (no boots)
Stlth    +.........             b - amulet of the acrobat
HPRegen  0.12/turn              (no ring)
MPRegen  0.10/turn              (no ring)

@: slowed, drained, very slow
A: unfitting armour, cold-blooded, AC +5
a: no special abilities


You were on level 2 of the Dungeon.
You were not hungry.

You visited 1 branch of the dungeon, and saw 2 of its levels.

You collected 12 gold pieces.

Inventory:

Hand Weapons
 d - a +0 club (weapon)
Missiles
 g - 11 stones (quivered)
 i - 6 tomahawks
Jewellery
 b - an amulet of the acrobat (around neck)
Scrolls
 j - a scroll of teleportation {unknown}
 k - a scroll of amnesia {unknown}
 l - 4 scrolls of remove curse {unknown}
 m - 2 scrolls of fear
 n - a scroll of magic mapping
Potions
 a - a potion of heal wounds
 c - a potion of lignification
 e - a potion of haste
 h - a potion of might {unknown}
Comestibles
 f - 4 rations


   Skills:
 * Level 1.9(1.2) Fighting
 - Level 1.0(0.3) Throwing
 * Level 1.4(0.7) Dodging
   Level 1.0(0.3) Shields
 + Level 2.5(1.8) Spellcasting
 + Level 1.1(0.4) Summonings
   Level 3.0(2.2) Ice Magic
 + Level 3.0(2.3) Earth Magic


You had 6 spell levels left.
You knew the following spells:

 Your Spells              Type           Power        Failure   Level  Hunger
b - Sandblast             Erth           #.....       10%         1    ##.....
m - Summon Small Mammal   Summ           #...         22%         1    ##.....

Your spell library contained the following spells:

 Spells                   Type           Power        Failure   Level  Hunger
 Call Imp                 Summ           #.......     32%         2    ###....
 Stone Arrow              Conj/Erth      #.....       43%         3    ####...
 Call Canine Familiar     Summ           #.......     54%         3    ####...
 Summon Guardian Golem    Hex/Summ       #.......     56%         3    ####...
 Summon Ice Beast         Ice/Summ       #.......     83%         4    #####..
 Summon Lightning Spire   Summ/Air       #.......     93%         4    #####..


Dungeon Overview and Level Annotations

Branches:
Dungeon (2/15)

Altars:
Nemelex Xobeh


Innate Abilities, Weirdness & Mutations

Your plain brown scales are hard. (AC +5)
You cannot fit into any form of body armour.
You are cold-blooded and may be slowed by cold attacks.


Message History

Aim: a wight, wielding a war axe and wearing a robe (severely damaged)
The blast of sand misses the wight.
g - 12 stones The wight barely misses you.
The wight hits you from afar with a spear of freezing.
You feel drained.
* * * LOW HITPOINT WARNING * * *
The wight freezes you.
* * * LOW HITPOINT WARNING * * *
The wight closely misses you.
Casting: Sandblast (safe; 10% risk of failure)
Confirm with . or Enter, or press ? or * to list all spells.
Aiming: Sandblast (safe; 10% risk of failure)
Press: ? - help, Shift-Dir - straight line, f/p - wight
Aim: a wight, wielding a war axe and wearing a robe (severely damaged)
The blast of sand hits the wight.
The wight is severely damaged.
g - 11 stones The wight hits you from afar with a spear of freezing!
You die...

#.# #.....# #.......#.#.#...#.
#.####.....# #.......#((.#...#^
......##########.......#...#...#.
......# .........(.....#...#.#...
......# ...............# #.#.#<#.
......# ..............## .#.###.
......# ........####### ... ..
......# ........# .# ### ......#
........# .. #.
......##........### #.
......#.........@.# #.
......#.........#z# #.
#.#####.........#z# ## #.#
#.#########.# #'#####........# .#
.....).........# .#
...............# .#
....z..........# .#
#)#####........# #.#
#z#####.######## ... #.##....#
##.


You could see 2 wights.

Vanquished Creatures
  5 adders (D:2)
  3 leopard geckos
  3 giant cockroaches
  2 goblins
  6 hobgoblins
  7 kobolds
  5 bats
  2 frilled lizards
  3 rats
36 creatures vanquished.

Vanquished Creatures (collateral kills)
  A goblin (D:1)
  A frilled lizard (D:2)
2 creatures vanquished.

Grand Total: 38 creatures vanquished

Notes
Turn   | Place    | Note
-------+----------+-------------------------------------------
     0 | D:1      | bli the Draconian Wanderer began the quest for the Orb.
     0 | D:1      | bli set off with: a potion of lignification, a +0 club, a ration
     0 | D:1      | Reached XP level 1. HP: 14/14 MP: 3/3
     2 | D:1      | Learned a level 1 spell: Sandblast
     4 | D:1      | Learned a level 1 spell: Summon Small Mammal
   226 | D:1      | Reached XP level 2. HP: 17/22 MP: 3/5
   737 | D:2      | Noticed a wight
   737 | D:2      | Noticed a wight
   826 | D:2      | Reached skill level 1 in Dodging
   830 | D:2      | Reached XP level 3. HP: 11/27 MP: 6/6
  1207 | D:2      | Reached skill level 1 in Fighting
  1213 | D:2      | Found a sparkling altar of Nemelex Xobeh.
  1312 | D:2      | Reached XP level 4. HP: 35/35 MP: 3/7
  1599 | D:2      | Slain by a wight

Skill      XL: |  1  2  3 |
---------------+----------+-----
Dodging        | 1 |  1.4
Fighting       | 1 |  1.9
Earth Magic    | 3 |  3.0
Throwing       | |  1.0
Shields        | |  1.0
Spellcasting   | |  2.5
Summonings     | |  1.1
Ice Magic      | |  3.0

Action                   |  1- 3 |  4- 6 || total
-------------------------+-------+-------++-------
Melee: Club              |    90 |     3 ||    93
       Tailslap          |     9 |       ||     9
 Cast: Sandblast         |    26 |    13 ||    39
       Summon Small Mamm |     4 |       ||     4
  Use: Scroll            |       |     4 ||     4
  Eat: Chunk             |     2 |     1 ||     3
Armor: Skin              |    36 |     3 ||    39
Dodge: Dodged            |    82 |     9 ||    91
